 Dungeon Crawl Stone Soup version 0.30.1-3-gfc49f6343a (webtiles) character file.

Game seed: 17902895702364345260

240 cdecastro the Caller (level 6, -4/41 HPs)
             Began as a Merfolk Summoner on July 28, 2023.
             Was an Initiate of Ru.
             Killed from afar by a steam dragon (15 damage)
             ... with a ball of steam
             ... on level 5 of the Dungeon.
             The game lasted 00:08:02 (4127 turns).

cdecastro the Caller (Merfolk Summoner)             Turns: 4127, Time: 00:08:03

Health: -4/41      AC:  3    Str:  8    XL:     6   Next: 8%
Magic:  2/9        EV: 12    Int: 16    God:    Ru [......]
Gold:   70         SH:  0    Dex: 15    Spells: 3/9 levels left

rFire   . . .        A - +2 rapier (venom)
rCold   . . .        (no shield)
rNeg    . . .        x - +0 leather armour
rPois   .            (no helmet)
rElec   .            (no cloak)
rCorr   +            (no gloves)
SInv    .            (no boots)
Will    .....        (no amulet)
Stlth   ++           k - ring of resist corrosion
HPRegen 0.26/turn    m - ring of flight
MPRegen 0.11/turn

%: no passive effects
@: flying
A: (nimble swimmer 2), mertail
a: Renounce Religion


You were on level 5 of the Dungeon.
You worshipped Ru.
Ru was noncommittal.
You visited 1 branch of the dungeon, and saw 5 of its levels.

You collected 196 gold pieces.
You spent 126 gold pieces at shops.

Inventory:

Hand Weapons
 d - a +0 whip
 f - a +0 short sword
 q - a +0 spear
 A - a +2 rapier of venom (weapon)
Missiles
 B - 6 poisoned darts
Armour
 a - a +0 robe
 x - a +0 leather armour (worn)
Magical Staves
 n - a staff of poison
Jewellery
 k - a ring of resist corrosion (left hand)
 m - a ring of flight (right hand)
Scrolls
 e - 2 scrolls of fear {unknown}
 g - 7 scrolls of identify
 h - a scroll of noise {unknown}
 i - 2 scrolls of immolation {unknown}
 l - a scroll of amnesia {unknown}
 v - a scroll of magic mapping {unknown}
 w - a scroll of silence {unknown}
 y - 2 scrolls of teleportation
 z - a scroll of poison
 D - a scroll of blinking {unknown}
Potions
 b - 2 potions of magic
 c - 2 potions of mutation {unknown}
 j - 2 potions of curing {unknown}
 o - 2 potions of attraction {unknown}
 p - 3 potions of flight {unknown}
 r - a potion of lignification {unknown}
 s - a potion of cancellation {unknown}
 t - a potion of brilliance {unknown}
 u - a potion of invisibility {unknown}
 C - a potion of haste {unknown}


   Skills:
 - Level 2.6 Dodging
 - Level 2.1 Stealth
 - Level 2.0 Spellcasting
 + Level 7.1 Summonings


You had 3 spell levels left.
You knew the following spells:

 Your Spells              Type           Power      Damage    Failure   Level
a - Summon Small Mammal   Summ           96%        N/A       1%          1
b - Call Imp              Summ           48%        N/A       2%          2
c - Call Canine Familiar  Summ           24%        N/A       4%          3

Your spell library contained the following spells:

 Spells                   Type           Power      Damage    Failure   Level
 Summon Guardian Golem    Hex/Summ       13%        N/A       21%         3
 Kiss of Death            Conj/Necr      4%         2d5       30%         1
 Poisonous Vapours        Pois/Air       2%         N/A       41%         2
 Confusing Touch          Hex            1%         N/A       65%         3
 Gell's Gravitas          Tloc           1%         N/A       65%         3
 Mephitic Cloud           Conj/Pois/Air  1%         N/A       65%         3
 Teleport Other           Tloc           1%         N/A       65%         3
 Summon Lightning Spire   Summ/Air       13%        N/A       56%         4
 Cause Fear               Hex            0%         N/A       96%         4
 Dispel Undead            Necr           1%         3d6       96%         4
 Olgreb's Toxic Radiance  Pois           1%         N/A       96%         4
 Freezing Cloud           Conj/Ice/Air   0%         6-21      100%        5
 Dispersal                Tloc           0%         N/A       100%        6
 Dragon Form              Tmut           0%         N/A       100%        7
 Discord                  Hex            0%         N/A       100%        8
 Ignition                 Fire           0%         3d3       100%        8
 Dragon's Call            Summ           12%        N/A       100%        9


Dungeon Overview and Level Annotations

Branches:
Dungeon (5/15)
 Temple: D:4-7

Altars:
Nemelex Xobeh
Okawaru
Ru

Shops:
D:3 ?


Innate Abilities, Weirdness & Mutations

((You are very nimble when in or above water. (Stealth+, EV+, Speed+++)))
Your lower body shifts to a powerful aquatic tail in water.


Message History

Your hound bites the steam dragon.
The steam dragon barely misses your hound.
The steam dragon claws your hound.
Your hound closely misses the steam dragon.
Your hound bites the steam dragon but does no damage.
The steam dragon bites your hound!
Your hound dies!
Your hound's corpse disappears in a puff of smoke!
Casting: Call Canine Familiar (dangerous; 4% risk of failure)
Confirm with . or Enter, or press ? or * to list all spells.
A tiny devil pulls itself out of the air.
The hound barks!
The steam dragon breathes steam at you. The ball of steam hits you!
Unknown command.
Casting: Call Imp (safe; 2% risk of failure)
Confirm with . or Enter, or press ? or * to list all spells.
You are engulfed in a cloud of scalding steam.
* * * LOW HITPOINT WARNING * * *
Your cerulean imp is engulfed in a cloud of scalding steam.
Unknown command.
Unknown command.
The hound bites you.
* * * LOW HITPOINT WARNING * * *
Your cerulean imp barely misses the steam dragon.
The hound bites you but does no damage.
Your hound barely misses the hound.
Unknown command.
You hit the hound.
The hound is poisoned.
The hound is moderately wounded.
The hound bites you.
* * * LOW HITPOINT WARNING * * *
Your hound bites the hound.
The hound dies!
Your cerulean imp closely misses the steam dragon.
The steam dragon breathes steam at you.
The ball of steam hits your cerulean imp!
Your cerulean imp dies!
Your cerulean imp disappears in a puff of smoke!
The ball of steam hits you!
You die...

#.####### #.#..'..###########
#.#..#............##########
#.####...########.#.........
#.####...#### #.#.........
#...........#####+#.........
##...§.....................#
###.§.§§.................##
...####.§.D§§§@..............†.
........§§.§..h...[............
......D####..............###...
....... ...........[.....'.'...
......D #####............###...
#...... ##........##...###..
#...... #.........##...# #..
#.....# #.........##...###..
####'#######................#..


You could see a friendly hound (summoned).

Vanquished Creatures
  An ice beast (D:5)
  2 hounds
  An adder (D:4)
  2 dart slugs (D:4)
  3 endoplasms
  2 giant cockroaches
  5 hobgoblins
  2 quokkas
  A ball python (D:2)
  3 bats
  2 frilled lizards
  4 goblins
  7 kobolds
  2 rats
37 creatures vanquished.

Vanquished Creatures (collateral kills)
  A hound (D:5)
  An iguana (D:2)
  A worm (D:2)
  3 kobolds
  2 quokkas
  2 ball pythons
  4 bats
  3 goblins
  A rat (D:2)
18 creatures vanquished.

Grand Total: 55 creatures vanquished

Notes
Turn   | Place    | Note
-------+----------+-------------------------------------------
     0 | D:1      | cdecastro the Merfolk Summoner began the quest for the Orb.
     0 | D:1      | Reached XP level 1. HP: 13/13 MP: 3/3
   439 | D:1      | Reached XP level 2. HP: 18/19 MP: 1/5
  1127 | D:2      | Learned a level 2 spell: Call Imp
  1188 | D:2      | Reached XP level 3. HP: 22/24 MP: 3/6
  1240 | D:2      | Learned a level 3 spell: Call Canine Familiar
  1317 | D:2      | Reached skill level 5 in Summonings
  1762 | D:2      | Reached XP level 4. HP: 30/30 MP: 7/7
  2438 | D:4      | Found a sacrificial altar of Ru.
  2807 | D:3      | Found Matruo's Magic Scroll Shoppe.
  2816 | D:3      | Bought a scroll of teleportation for 42 gold pieces
  2816 | D:3      | Bought a scroll of identify for 28 gold pieces
  2816 | D:3      | Bought a scroll of poison for 56 gold pieces
  3217 | D:4      | Became a worshipper of Ru the Awakened
  3495 | D:4      | Found a sparkling altar of Nemelex Xobeh.
  3495 | D:4      | Found an iron altar of Okawaru.
  3651 | D:5      | Entered Level 5 of the Dungeon
  3674 | D:5      | Noticed a steam dragon
  3676 | D:5      | Noticed a scorpion
  3706 | D:4      | Reached skill level 6 in Summonings
  3706 | D:4      | Reached XP level 5. HP: 33/35 MP: 4/8
  3836 | D:5      | Noticed an ice beast
  3863 | D:5      | Killed an ice beast
  4011 | D:5      | Reached skill level 7 in Summonings
  4011 | D:5      | Reached XP level 6. HP: 31/41 MP: 9/9
  4127 | D:5      | Killed from afar by a steam dragon

Illustrated notes

Levels and vault maps discovered:
D:1:      dpeg_arrival_arbitrary_a, layout_basic, grunt_decor_mini_mirrors,
          amcnicky_mini_corridor_feature
D:2:      layout_basic
D:3:      layout_basic, serial_shops, nicolae_shop_trees
D:4:      layout_basic, amcnicky_altar_gilded, gammafunk_temple_overflow_statue,
          bh_walls_and_bars
D:5:      layout_basic, serial_shops, nicolae_shop_tiny_real_fake_doors,
          corexii_checkpoint_a

Skill      XL: |  1  2  3  4  5 |
---------------+----------------+-----
Summonings     | 5 6 7 |  7.1
Dodging        | |  2.6
Stealth        | |  2.1
Spellcasting   | |  2.0

Action                     |  1- 3 |  4- 6 || total
---------------------------+-------+-------++-------
  Melee: Short sword       |    43 |       ||    43
         Whip              |    15 |       ||    15
         Unarmed           |     3 |       ||     3
         Punch             |     1 |       ||     1
         Spear             |    36 |    47 ||    83
         Rapier            |       |    15 ||    15
   Cast: Summon Small Mamm |    40 |     3 ||    43
         Call Imp          |     5 |    13 ||    18
         Call Canine Famil |       |     3 ||     3
   Stab: Sleeping          |     3 |     3 ||     6
 Armour: Robe              |    26 |       ||    26
         Leather armour    |       |    11 ||    11
  Dodge: Dodged            |    57 |    40 ||    97
